 Dungeon Crawl Stone Soup version 0.30-a0-557-ge2afbf3030 (webtiles) character file.

Game seed: 9334486719048334178

3836 Jase the Spear-Bearer (level 10, -5/70 (79) HPs)
             Began as a Merfolk Gladiator on Dec 27, 2022.
             Was a Follower of Yredelemnul.
             Slain by a soul eater (14 damage)
             ... on level 9 of the Dungeon.
             The game lasted 00:32:09 (9604 turns).

Jase the Spear-Bearer (Merfolk Gladiator)           Turns: 9604, Time: 00:32:10

HP:   -5/70 (79)    AC: 11    Str: 14    XL:     10   Next: 18%
MP:   14/14         EV: 16    Int: 12    God:    Yredelemnul [*.....]
Gold: 443           SH:  5    Dex: 16    Spells: 9/9 levels left

rFire   + . .      SeeInvis .    a - +0 halberd
rCold   . . .      Faith    .    (shield currently unavailable)
rNeg    . . .      Spirit   .    q - +2 leather armour {rF+}
rPois   +          Reflect  +    c - +0 helmet
rElec   .          Harm     .    w - +0 cloak
rCorr   .          Rampage  .    (no gloves)
Will    .....                    (no boots)
Stlth   +                        h - amulet of reflection
HPRegen 0.31/turn                m - ring of poison resistance
MPRegen 0.14/turn                B - +4 ring of protection

@: heavily drained
A: (nimble swimmer 2), mertail
a: Renounce Religion, Recall Undead Harvest


You were on level 9 of the Dungeon.
You worshipped Yredelemnul.
Yredelemnul was noncommittal.
You visited 2 branches of the dungeon, and saw 10 of its levels.
You also visited: Ossuary.

You collected 443 gold pieces.

Inventory:

Hand Weapons
 a - a +0 halberd (weapon)
Missiles
 d - 3 throwing nets (quivered)
 e - a javelin
 l - 77 stones
 t - 2 poisoned darts
Armour
 c - a +0 helmet (worn)
 p - a +1 robe of resistance
 q - a +2 leather armour of fire resistance (worn)
 w - a +0 cloak (worn)
Magical Staves
 s - a staff of cold
Jewellery
 h - an amulet of reflection (around neck)
 m - a ring of poison resistance (left hand)
 z - a ring of magical power
 B - a +4 ring of protection (right hand)
 K - a ring of protection from fire
Wands
 E - a wand of quicksilver (11)
 G - a wand of digging (1)
 L - a wand of flame (21)
Scrolls
 f - 6 scrolls of teleportation
 n - 8 scrolls of poison
 y - a scroll of amnesia
 C - 2 scrolls of enchant armour {unknown}
 D - a scroll of enchant weapon
 F - 2 scrolls of blinking
 H - 4 scrolls of fog {unknown}
 I - a scroll of magic mapping
 M - a scroll of torment
Potions
 b - a potion of invisibility
 g - 5 potions of heal wounds
 i - 4 potions of lignification
 j - a potion of resistance
 k - 2 potions of magic
 o - 2 potions of mutation
 r - 8 potions of curing
 u - 4 potions of attraction
 v - 2 potions of berserk rage
 x - 2 potions of brilliance
 A - 3 potions of flight
 J - 2 potions of might


   Skills:
 + Level 7.5 Fighting
 * Level 12.7 Polearms
 - Level 2.0 Throwing
 + Level 9.5 Dodging
 + Level 6.1 Invocations


You had 9 spell levels left.
You didn't know any spells.
Your spell library contained the following spells:

 Spells                   Type           Power      Damage    Failure   Level
 Sandblast                Erth           0%         2d4       38%         1
 Blink                    Tloc           0%         N/A       54%         2
 Ensorcelled Hibernation  Hex/Ice        0%         N/A       54%         2
 Momentum Strike          Conj/Tloc      0%         3d8       54%         2
 Passwall                 Tmut/Erth      0%         N/A       54%         2
 Sublimation of Blood     Necr           0%         N/A       54%         2
 Wereblood                Tmut           0%         N/A       54%         2
 Gell's Gravitas          Tloc           0%         N/A       77%         3
 Kindle Blastsparks       Fire/Tloc/Air  0%         2d10      77%         3
 Lesser Beckoning         Tloc           0%         N/A       77%         3
 Stone Arrow              Conj/Erth      0%         3d7       77%         3
 Swiftness                Air            0%         N/A       77%         3
 Teleport Other           Tloc           0%         N/A       77%         3
 Fulminant Prism          Conj/Hex       0%         3d5       99%         4
 Iskenderun's Mystic Bla  Conj/Tloc      0%         2d3       99%         4
 Lee's Rapid Deconstruct  Erth           0%         3d4*      100%        5
 Silence                  Hex/Air        0%         N/A       100%        5
 Yara's Violent Unravell  Hex/Tmut       0%         3d3       100%        5
 Dispersal                Tloc           0%         N/A       100%        6
 Haunt                    Necr/Summ      0%         N/A       100%        7
 Summon Hydra             Summ           0%         N/A       100%        7


Dungeon Overview and Level Annotations

Branches:
Dungeon (9/15)             Temple (1/1) D:4         Ossuary (visited)
   Lair: D:8-11         Orc: D:9-12

Altars:
Ashenzari
Dithmenos
Elyvilon
Fedhas
Gozag
Hepliaklqana
Kikubaaqudgha
Makhleb
Nemelex Xobeh
Okawaru
Qazlal
Ru
Sif Muna
Trog
Uskayaw
Vehumet
Wu Jian
Xom
Yredelemnul
Zin
The Shining One

Annotations:
D:4 1 runed translucent door, 7 exclusions, Encipher's ghost, novice KoEn


Innate Abilities, Weirdness & Mutations

((You are very nimble when in or above water. (Stealth+, EV+, Speed+++)))
Your lower body shifts to a powerful aquatic tail in water.


Message History

The soul eater hits you.
You closely miss the soul eater.
The soul eater is moderately wounded.
The orc warrior hits you from afar with a +0 halberd.
You barely miss the soul eater.
The soul eater is moderately wounded.
You block the soul eater's attack.
You slash the soul eater!
The soul eater is moderately wounded.
You block the orc warrior's attack. The soul eater misses you.
You closely miss the soul eater.
The soul eater is moderately wounded.
The orc warrior hits you from afar with a +0 halberd.
You block the soul eater's attack.
You hit the soul eater.
The soul eater is moderately wounded.
The orc warrior barely misses you. The soul eater hits you.
You feel drained.
You barely miss the soul eater.
The soul eater is moderately wounded.
The orc warrior barely misses you. The soul eater hits you!
You feel drained.
You hit the soul eater but do no damage.
The soul eater is moderately wounded.
The orc warrior misses you. You block the soul eater's attack.
You closely miss the soul eater.
The soul eater is moderately wounded.
The orc warrior misses you.
The orc shouts!
You puncture the soul eater!
The soul eater is heavily wounded.
The soul eater hits you!
* * * LOW HITPOINT WARNING * * *
You feel drained.
* * * LOW HITPOINT WARNING * * *
You hit the soul eater but do no damage.
The soul eater is heavily wounded.
The orc warrior barely misses you. You block the soul eater's attack.
You swap places.
The soul eater draws from the surrounding life force!
You die...
Your body rises from the dead as a mindless zombie.

.# ###...... .#
######..Z..###
.#
#...##.###..#Z
.# . ... #.#
###.# .# .. ...
#.# ### .# #.#
#.# #.# .o #.#
#Z#
#o#######.###.#
#o3Z@Z.....)..#
########...##.#
.......#....#
######...##.#
##.###.# #.#
#.# ..o #.# ...
#.# o..


You could see a soul eater (ally target), an orc warrior, an orc priest, a
friendly spectral hellwing and a friendly spectral smoke demon.

Vanquished Creatures
  A hellwing (D:9)
  2 water moccasins (D:6)
  An orc warrior (D:8)
  An ogre (D:6)
  A phantom (D:7)
  Blork the orc (D:5)
  3 bullfrogs
  4 necrophages (D:6)
  A gnoll sergeant (D:7)
  14 scorpions
  4 wights (D:6)
  3 howler monkeys
  A centaur zombie (Ossuary)
  A gnoll bouda (D:5)
  2 hounds
  Crazy Yiuf (D:3)
  3 orc priests
  Jessica (D:2)
  A scorpion zombie (Ossuary)
  Ijyb (D:5)
  Terence (D:2)
  Natasha (thrice) (D:2)
  An iguana (D:5)
  4 orc wizards
  2 mummies (Ossuary)
  A howler monkey zombie (D:8)
  6 adders
  16 gnolls
  A white imp (D:7)
  3 ufetubi
  5 worms
  A dart slug (D:3)
  14 orcs
  7 ball pythons
  3 endoplasms
  3 giant cockroaches
  4 goblins
  6 hobgoblins
  4 jackals (D:1)
  2 quokkas (D:1)
  4 bats
  A frilled lizard (D:3)
  7 gnoll zombies (Ossuary)
  2 goblin zombies (Ossuary)
  2 hobgoblin zombies (Ossuary)
  2 kobolds
  2 kobold zombies (Ossuary)
  4 orc zombies
  3 rats
  A rat zombie (D:4)
162 creatures vanquished.

Vanquished Creatures (collateral kills)
  A smoke demon (D:9)
  2 scorpions (Ossuary)
  A scorpion zombie (Ossuary)
  An orc wizard (D:7)
  A mummy (Ossuary)
  An orc (D:7)
  A gnoll zombie (Ossuary)
  A hobgoblin (D:4)
9 creatures vanquished.

Vanquished Creatures (others)
  A bullfrog zombie (D:7)
  A scorpion zombie (Ossuary)
  An adder zombie (D:6)
  3 orc zombies
  A spectral ufetubus (D:6)
  A demonic plant (D:9)
  A fungus (D:3)
  17 plants (D:6)
26 creatures vanquished.

Grand Total: 197 creatures vanquished

Notes
Turn   | Place    | Note
-------+----------+-------------------------------------------
     0 | D:1      | Jase the Merfolk Gladiator began the quest for the Orb.
     0 | D:1      | Reached XP level 1. HP: 16/16 MP: 1/1
   293 | D:1      | Reached XP level 2. HP: 13/22 MP: 2/2
   654 | D:1      | Reached XP level 3. HP: 22/28 MP: 3/3
   695 | D:1      | Reached skill level 5 in Polearms
   756 | D:2      | Noticed Jessica
   771 | D:2      | Killed Jessica
   772 | D:2      | Reached XP level 4. HP: 20/34 MP: 4/4
  1170 | D:2      | Noticed Natasha
  1187 | D:2      | Killed Natasha
  1188 | D:2      | Reached skill level 5 in Dodging
  1499 | D:2      | Noticed Terence
  1534 | D:2      | Killed Terence
  1535 | D:2      | Reached skill level 6 in Polearms
  1535 | D:2      | Reached XP level 5. HP: 37/41 MP: 5/5
  1587 | D:2      | Noticed Natasha
  1593 | D:2      | Killed Natasha
  1601 | D:2      | Noticed Natasha
  1613 | D:2      | Killed Natasha
  2059 | D:3      | Found an ancient bone altar of Kikubaaqudgha.
  2173 | D:3      | Found a shimmering altar of Xom.
  2734 | D:3      | Found a runed translucent door.
  2735 | D:3      | Noticed Crazy Yiuf
  2746 | D:3      | Killed Crazy Yiuf
  2747 | D:3      | Reached XP level 6. HP: 19/48 MP: 6/6
  2976 | D:4      | Reached skill level 7 in Polearms
  2994 | D:4      | Found a staircase to the Ecumenical Temple.
  3005 | Temple   | Entered the Ecumenical Temple
  3005 | Temple   | Found a transporter.
  3005 | Temple   | Found a transporter.
  3007 | Temple   | Found a transporter.
  3007 | Temple   | Found a transporter.
  3035 | Temple   | Became a worshipper of Yredelemnul the Dark
  3062 | D:4      | Found a runed translucent door.
  3064 | D:4      | Noticed Encipher's ghost (novice KoEn)
  3095 | D:4      | Found a blossoming altar of Fedhas.
  3096 | D:4      | Found a sand-covered staircase.
  3112 | Ossuary  | Entered an ossuary
  3169 | Ossuary  | Reached skill level 1 in Invocations
  3181 | Ossuary  | Reached * piety under Yredelemnul
  3182 | Ossuary  | Reached XP level 7. HP: 31/54 MP: 6/8
  3338 | Ossuary  | Reached skill level 8 in Polearms
  3509 | Ossuary  | Reached XP level 8. HP: 38/61 MP: 9/9
  3520 | Ossuary  | Reached skill level 5 in Fighting
  3639 | Ossuary  | Reached skill level 9 in Polearms
  3771 | Ossuary  | Reached ** piety under Yredelemnul
  4003 | D:4      | Found an iron altar of Okawaru.
  4606 | D:5      | Entered Level 5 of the Dungeon
  4614 | D:5      | Found an ornate altar of the Wu Jian Council.
  4965 | D:5      | Found a sparkling altar of Nemelex Xobeh.
  5046 | D:5      | Noticed Ijyb
  5056 | D:5      | Noticed Blork the orc
  5073 | D:5      | Killed Ijyb
  5079 | D:5      | Killed Blork the orc
  5080 | D:5      | Reached skill level 10 in Polearms
  5414 | D:5      | Found a stormy altar of Qazlal.
  5415 | D:5      | Found a hide-covered altar of Uskayaw.
  5725 | D:6      | Reached XP level 9. HP: 69/69 MP: 12/12
  6490 | D:6      | Reached skill level 11 in Polearms
  6539 | D:6      | Got Sif Muna's Handbook of Enchanting Profane Rites
  6597 | D:6      | Reached skill level 5 in Invocations
  7372 | D:7      | Found a sacrificial altar of Ru.
  7685 | D:7      | Found a glowing golden altar of the Shining One.
  7685 | D:7      | Found a glowing silver altar of Zin.
  7686 | D:7      | Found a white marble altar of Elyvilon.
  8192 | D:8      | Reached skill level 12 in Polearms
  8979 | D:9      | Noticed a hellwing
  9045 | D:9      | Killed a hellwing
  9046 | D:9      | Reached XP level 10. HP: 15/79 MP: 14/14
  9317 | D:9      | Noticed a smoke demon
  9332 | D:9      | Killed a smoke demon
  9570 | D:9      | Noticed a soul eater
  9604 | D:9      | Slain by a soul eater

Illustrated notes

Levels and vault maps discovered:
D:1:      lightli_arrival_windingriver, layout_basic, serial_park_tiny_pond
D:2:      layout_loops_ring, uniq_natasha, uniq_terence, uniq_jessica
D:3:      layout_loops_ring, mainiacjoe_overflow_six_doors_small,
          overflow_temple_1_default, minmay_misc_feat_nine_boxes,
          uniq_crazy_yiuf_cottage
D:4:      layout_loops_ring, okawaru_trees_2, mainiacjoe_overflow_alcove_1,
          minmay_temple_entry_grid, enter_ossuary_3,
          hellmonk_ghost_happy_afterlife, eino_small_chamber_without_monster,
          minmay_misc_feat_pillars
D:5:      layout_basic, lemuel_coloured_pillars_altar,
          pdpol_wu_jian_five_deadly_venoms, gammafunk_temple_overflow_statue,
          uniq_ijyb, uniq_blork_the_orc
D:6:      kennysheep_six_static_rooms, layout_cave_pods,
          hangedman_decor_peaks_small, kennysheep_boxes
D:7:      layout_basic, good_gods_mini_temple, nicolae_ru_path_of_blood
D:8:      layout_basic
D:9:      layout_loops_ring, amcnicky_altar_gilded, serial_demonic,
          serial_demonic_f, serial_demonic_c, serial_demonic_f,
          serial_demonic_a, dreamdust_deal_with_the_devil
Temple:   hellmonk_temple_divided_pantheon

Skill      XL: |  1  2  3  4  5  6  7  8  9 10 |
---------------+-------------------------------+-----
Polearms       | 5 6 7 8 10 12 | 12.7
Fighting       | 3 4 5 7 |  7.5
Dodging        | 5 6 7 9 |  9.5
Invocations    | 1 2 4 5 6 |  6.1
Throwing       | |  2.0

Action                   |  1- 3 |  4- 6 |  7- 9 | 10-12 || total
-------------------------+-------+-------+-------+-------++-------
Melee: Trident           |   101 |   262 |   229 |       ||   592
       Punch             |     1 |     5 |     4 |       ||    10
       Halberd           |       |       |   335 |    40 ||   375
Throw: Throwing net      |       |     1 |     4 |       ||     5
       Javelin           |       |       |     1 |       ||     1
       Stone             |       |       |     1 |       ||     1
Invok: Recall Undead Har |       |       |     5 |       ||     5
  Use: Potion            |     1 |       |       |       ||     1
       Scroll            |       |     7 |    14 |       ||    21
 Stab: Sleeping          |     2 |     2 |     1 |     1 ||     6
       Held in net/web   |       |     1 |     3 |       ||     4
       Distracted        |       |       |     3 |       ||     3
Armor: Leather armour    |    22 |    46 |   129 |    11 ||   208
Dodge: Dodged            |    66 |   152 |   331 |    15 ||   564
Block: Other             |       |       |    68 |    11 ||    79

Table legend: (Time is in decaauts)
 A = Elapsed time spent in this place.
 B = Non-inter-level travel time spent in this place.
 C = Inter-level travel time spent in this place.
 D = Time resting spent in this place.
 E = Time spent auto-exploring this place.
 F = Levels seen in this place.
 G = Mean time per level.
                   A        B        C        D        E       F      G
               +--------+--------+--------+--------+--------+-----+--------+
         Total |   9561 |   9290 |    271 |   1805 |   4992 |  11 |  869.2 |
       Dungeon |   8713 |   8452 |    261 |   1536 |   4925 |   9 |  968.1 |
        Temple |     50 |     40 |     10 |      0 |      0 |   1 |   50.0 |
       Ossuary |    797 |    797 |      0 |    268 |     67 |   1 |  797.0 |
               +--------+--------+--------+--------+--------+-----+--------+

Top non-repeatable levels by time:
     D:7: 1227 daAuts
     D:6: 1172 daAuts
     D:5: 1105 daAuts
     D:3: 1040 daAuts
     D:2: 1005 daAuts
     D:1: 879 daAuts
     D:4: 821 daAuts
 Ossuary: 797 daAuts
     D:8: 754 daAuts
     D:9: 707 daAuts
  Temple: 50 daAuts
